 Dungeon Crawl Stone Soup version 0.27-a0-1202-ge72e49191c (webtiles) character file.

Game seed: 16592012965039302945

135 bilbop the Covered (level 4, -2/41 HPs)
             Began as a Minotaur Fighter on June 3, 2021.
             Slain by an orc wizard
             ... wielding a +0 dagger
              (4 damage)
             ... on level 3 of the Dungeon.
             The game lasted 00:06:10 (2026 turns).

bilbop the Covered (Minotaur Fighter)               Turns: 2026, Time: 00:06:11

Health: -2/41      AC: 13    Str: 22    XL:     4   Next: 97%
Magic:  3/3        EV:  4    Int:  5    God:
Gold:   24         SH:  0    Dex:  9    Spells: 3/3 levels left

rFire    . . .     SeeInvis .   a - +0 flail
rCold    . . .     Faith    .   c - +0 kite shield
rNeg     . . .     Spirit   .   k - +0 plate armour
rPois    .         Reflect  .   (helmet restricted)
rElec    .         Harm     .   f - +0 cloak
rCorr    .         Rampage  .   (no gloves)
Will     .....                  (no boots)
Stlth    ..........             (no amulet)
HPRegen  0.13/turn              (no ring)
MPRegen  0.08/turn              (no ring)

@: confused
A: horns 2, retaliatory headbutt
a: no special abilities


You were on level 3 of the Dungeon.
You visited 1 branch of the dungeon, and saw 3 of its levels.

You collected 24 gold pieces.

Inventory:

Hand Weapons
 a - a +0 flail (weapon)
 b - a +0 hunting sling
Armour
 c - a +0 kite shield (worn)
 f - a +0 cloak (worn)
 j - a +0 scale mail
 k - a +0 plate armour (worn)
Scrolls
 e - 3 scrolls of enchant armour {unknown}
 g - a scroll of identify {unknown}
 h - a scroll of noise {unknown}
 i - a scroll of vulnerability {unknown}
 l - a scroll of acquirement {unknown}
Potions
 d - a potion of might


   Skills:
 + Level 4.4 Fighting
 * Level 4.3 Maces & Flails
 + Level 4.5 Armour
 + Level 4.4 Shields


You had 3 spell levels left.
You didn't know any spells.
Your spell library was empty.

Dungeon Overview and Level Annotations

Branches:
Dungeon (3/15)

Altars:
Zin


Innate Abilities, Weirdness & Mutations

You have a pair of horns on your head.
You reflexively headbutt those who attack you in melee.


Message History

You feel less confused. Something hits you but does no damage.
Something hits you but does no damage. You block something's attack.
You closely miss something. Your headbutt misses something.
You hear some strange, mumbled words.
Something tries to affect you, but you resist.
You miss something. Something hits you but does no damage.
You barely miss something. Something hits you.
* * * LOW HITPOINT WARNING * * *
Something hits you but does no damage.
You closely miss something. You headbutt something. Something hits you.
* * * LOW HITPOINT WARNING * * *
You hit something but do no damage.
An orc wizard appears from thin air!
Reactivating autopickup.
You block the orc wizard's attack.
You barely miss the orc wizard.
The orc wizard is severely wounded.
You block the orc wizard's attack.
The orc wizard gestures at you while chanting.
You are confused.
You bump into the rock wall.
The orc wizard points at you and mumbles some strange words.
The magic dart hits you.
* * * LOW HITPOINT WARNING * * *
The orc wizard points at you and mumbles some strange words.
You are more confused.
You bump into the rock wall.
The orc wizard barely misses you.
The orc wizard gestures at you while chanting.
The puff of flame hits you but does no damage.
You closely miss the orc wizard.
The orc wizard is severely wounded.
The orc wizard hits you but does no damage.
Your plate armour prevents you from hitting the orc wizard.
The orc wizard is severely wounded.
The orc wizard hits you but does no damage.
You closely miss the orc wizard.
The orc wizard is severely wounded.
The orc wizard hits you with a +0 dagger.
You die...

#....##.>...o........
#....##)###.##.......
#####....##.# #..........
###.........#.# ###........
............#+## #....#.#.
#............# #........
#............# ..........
#............#.##........
####.##.(.@o......#........
#.......###.........
#......## ######....
#.......# .... #.......#
#.... #.......# #...#
##......########...##
#......#...........##
#......#............#..##.


You could see an orc wizard.

Vanquished Creatures
  2 orc priests (D:3)
  An adder (D:2)
  4 dart slugs
  2 orcs (D:3)
  2 endoplasms
  A giant cockroach (D:1)
  6 goblins
  9 hobgoblins
  7 jackals (D:1)
  A kobold (D:1)
  3 ball pythons
  8 bats
  5 frilled lizards
  6 rats
57 creatures vanquished.

Notes
Turn   | Place    | Note
-------+----------+-------------------------------------------
     0 | D:1      | bilbop the Minotaur Fighter began the quest for the Orb.
     0 | D:1      | Reached XP level 1. HP: 19/19 MP: 0/0
    99 | D:1      | Reached XP level 2. HP: 26/27 MP: 1/1
   341 | D:1      | Reached XP level 3. HP: 31/33 MP: 2/2
  1062 | D:2      | Found a glowing silver altar of Zin.
  1466 | D:2      | Found a faded altar of an unknown god.
  1682 | D:3      | Reached XP level 4. HP: 40/40 MP: 3/3
  2015 | D:3      | HP: 2/41 [something (2)]
  2020 | D:3      | HP: 1/41 [orc wizard/magic dart (2)]
  2026 | D:3      | Slain by an orc wizard

Illustrated notes

Levels and vault maps discovered:
D:1:      beargit_arrival_greenhouse, layout_loops_ring, serial_forest,
          infiniplex_forest_zigzag_1, infiniplex_forest_lined_2,
          infiniplex_forest_lined_room_3, infiniplex_forest_fountain,
          infiniplex_forest_end_2
D:2:      layout_basic, shapermc_ecumenical_altar_mp_vishouse, basic_altar
D:3:      cheibrodos_pilgrimage, layout_basic

Skill      XL: |  1  2  3  4 |
---------------+-------------+-----
Maces & Flails | 3 4 |  4.3
Fighting       | 4 |  4.4
Shields        | 4 |  4.4
Armour         | 4 |  4.5

Action                   |  1- 3 |  4- 6 || total
-------------------------+-------+-------++-------
Melee: Flail             |   105 |    59 ||   164
       Headbutt          |    13 |     8 ||    21
Armor: Scale mail        |    66 |     2 ||    68
       Plate armour      |       |    44 ||    44
Dodge: Dodged            |    34 |     8 ||    42
Block: Kite shield       |    61 |    21 ||    82

Table legend: (Time is in decaauts)
 A = Elapsed time spent in this place.
 B = Non-inter-level travel time spent in this place.
 C = Inter-level travel time spent in this place.
 D = Time resting spent in this place.
 E = Time spent auto-exploring this place.
 F = Levels seen in this place.
 G = Mean time per level.
                   A        B        C        D        E       F      G
               +--------+--------+--------+--------+--------+-----+--------+
         Total |   2097 |   2034 |     63 |    122 |   1480 |   3 |  699.0 |
       Dungeon |   2097 |   2034 |     63 |    122 |   1480 |   3 |  699.0 |
               +--------+--------+--------+--------+--------+-----+--------+

Top non-repeatable levels by time:
     D:2: 929 daAuts
     D:1: 784 daAuts
     D:3: 382 daAuts
